 Dungeon Crawl Stone Soup version 0.22-a0-619-ga0c6fd2 (webtiles) character file.

107178 Hebeh the Eclecticist (level 15, -6/84 HPs)
             Began as a Deep Elf Fire Elementalist on July 14, 2018.
             Was a High Priest of Vehumet.
             Mangled by a jumping spider (10 damage)
             ... on level 1 of the Spider Nest.
             The game lasted 06:28:16 (41489 turns).

Hebeh the Eclecticist (Deep Elf Fire Elementalist) Turns: 41489, Time: 06:28:17

Health: -6/84      AC:  7    Str:  5    XL:     15   Next: 99%
Magic:  30/55      EV: 10    Int: 27    God:    Vehumet [*****.]
Gold:   1932       SH:  0    Dex: 15    Spells: 1/47 levels left

rFire    + . .     SeeInvis .   a - +1 eveningstar (protect)
rCold    + + .     Gourm    .   s - +3 buckler {rN+}
rNeg     + + +     Faith    .   u - +0 robe of an ice cave {rElec rC+ rN+ MP+9}
rPois    +         Spirit   .   t - +3 helmet "Paunuir" {rN+}
rElec    +         Reflect  +   B - scarf {rC+ rF+}
rCorr    .         Harm     .   e - +0 pair of gloves
MR       +....                  z - +0 pair of boots
Stlth    ++........             T - +3 amulet of reflection
HPRegen  0.24/turn              r - ring of protection from magic
MPRegen  0.34/turn              P - ring "Olisicsa" {+Fly rPois rN++ MR- MP+9}

@: lethally poisoned (-6 -> -32), slightly contaminated, held
A: deformed body
a: Renounce Religion, Evoke Flight


You were on level 1 of the Spider Nest.
You worshipped Vehumet.
Vehumet was extremely pleased with you.
You were hungry.

You visited 6 branches of the dungeon, and saw 26 of its levels.

You collected 2374 gold pieces.
You spent 442 gold pieces at shops.

Inventory:

Hand Weapons
 a - a +1 eveningstar of protection (weapon)
 b - a +2 fustibalus of velocity
 M - a +2 trident of protection
Missiles
 h - 348 arrows
 m - 153 sling bullets
 K - 20 javelins (quivered)
Armour
 e - a +0 pair of gloves (worn)
 s - a +3 buckler of positive energy (worn)
 t - the +3 helmet "Paunuir" (worn) {rN+}
   (You bought it in a shop on level 2 of the Orcish Mines)

   It protects you from negative energy.
 u - the +0 robe of an ice cave (worn) {rElec rC+ rN+ MP+9}
   (You found it on level 4 of the Dungeon)

   It protects you from cold.
   It insulates you from electricity.
   It protects you from negative energy.
   It affects your magic capacity (+9).
 z - a +0 pair of boots (worn)
 B - a scarf of resistance (worn)
Jewellery
 r - a ring of protection from magic (left hand)
 J - an uncursed ring of resist corrosion
 P - the ring "Olisicsa" (right hand) {+Fly rPois rN++ MR- MP+9}
   (You found it on level 12 of the Dungeon)

   [ring of flight]

   It protects you from poison.
   It greatly protects you from negative energy.
   It affects your resistance to hostile enchantments.
   It affects your magic capacity (+9).
   It lets you fly.
 S - the ring of Kikubaaqudgha's Favour {*Corrode rF+ Str+4 Dex+3 SInv}
   (You found it on level 6 of the Lair of Beasts)

   [ring of see invisible]

   It affects your strength (+4).
   It affects your dexterity (+3).
   It protects you from fire.
   It lets you see invisible.
   It may corrode you when you take damage.
 T - a +3 amulet of reflection (around neck)
Wands
 p - a wand of acid (52)
 y - a wand of digging (11)
 C - a wand of polymorph (15)
 E - a wand of paralysis (25)
 V - a wand of clouds (3)
 Y - a wand of random effects (58)
 Z - a wand of disintegration (17)
Scrolls
 d - 2 scrolls of magic mapping
 i - 3 scrolls of fog
 j - a scroll of immolation
 n - a scroll of enchant armour
 x - 3 scrolls of enchant weapon
 D - 2 scrolls of identify
 G - 6 scrolls of remove curse
 H - 4 scrolls of amnesia
 I - 9 scrolls of teleportation
 O - a scroll of summoning {unknown}
 X - a scroll of blinking
Potions
 f - 6 potions of lignification
 g - 4 potions of brilliance
 k - 3 potions of might
 l - a potion of invisibility {unknown}
 v - 9 potions of curing
 w - 2 potions of haste
 L - 3 potions of cancellation
 N - 2 potions of mutation {unknown}
 Q - 5 potions of flight
 R - a potion of resistance {unknown}
 W - a potion of magic
Miscellaneous
 A - a lamp of fire
 U - a lightning rod (4/4)
Comestibles
 c - 16 rations


   Skills:
 + Level 6.5 Fighting
 + Level 11.9 Dodging
 - Level 2.4 Stealth
 - Level 4.0 Shields
 * Level 16.8 Spellcasting
 * Level 14.7 Conjurations
 + Level 7.0 Hexes
 + Level 10.7 Charms
 - Level 4.0 Translocations
 - Level 4.0 Transmutations
 * Level 14.6 Fire Magic
 - Level 2.6 Evocations


You had one spell level left.
You knew the following spells:

 Your Spells              Type           Power        Failure   Level  Hunger
a - Flame Tongue          Conj/Fire      #####        0%          1    None
b - Iskenderun's Mystic   Conj           #######.     1%          4    None
c - Bolt of Fire          Conj/Fire      #######...   1%          6    ###....
d - Fireball              Conj/Fire      #######...   1%          5    None
e - Inner Flame           Hex/Fire       ######..     1%          3    None
f - Conjure Flame         Conj/Fire      #######.     0%          3    None
g - Fulminant Prism       Conj/Hex       ######....   1%          4    None
h - Confuse               Hex            ######..     1%          3    None
i - Iskenderun's Battles  Conj/Chrm      #######.     1%          5    None
j - Blink                 Tloc           N/A          1%          2    None
k - Swiftness             Chrm/Air       ######..     1%          2    None
l - Irradiate             Conj/Tmut      ######....   1%          5    None
m - Shock                 Conj/Air       ####         1%          1    None
n - Throw Flame           Conj/Fire      ######       0%          2    None

Your spell library contained the following spells:

 Spells                   Type           Power        Failure   Level  Hunger
 Cause Fear               Hex            ######....   1%          4    None
 Magic Dart               Conj           ####         0%          1    None
 Bolt of Cold             Conj/Ice       ######....   4%          6    ###....
 Lightning Bolt           Conj/Air       ######....   1%          5    None
 Slow                     Hex            ######..     1%          2    None
 Throw Frost              Conj/Ice       ######       1%          2    None
 Venom Bolt               Conj/Pois      ######....   1%          5    None
 Teleport Other           Tloc           #####...     1%          3    None
 Freeze                   Ice            ###.         1%          1    None
 Sticky Flame             Conj/Fire      #######.     1%          4    None
 Summon Ice Beast         Ice/Summ       ###.....     22%         4    None
 Ozocubu's Armour         Chrm/Ice       ######..     1%          3    None
 Sting                    Conj/Pois      ####         1%          1    None
 Tukima's Dance           Hex            ######..     1%          3    None
 Spider Form              Tmut/Pois      ####......   2%          3    None
 Blade Hands              Tmut           #####.....   11%         5    None
 Ice Form                 Ice/Tmut       ####....     10%         4    None
 Throw Icicle             Conj/Ice       ######..     1%          4    None
 Airstrike                Air            ###.......   6%          4    None
 Sticks to Snakes         Tmut           #####...     1%          2    None
 Ensorcelled Hibernation  Hex/Ice        #####.       1%          2    None
 Static Discharge         Conj/Air       ######..     1%          3    None
 Corona                   Hex            ######.      1%          1    None
 Conjure Ball Lightning   Conj/Air       ######....   4%          6    ###....
 Portal Projectile        Hex/Tloc       ######       1%          3    None
 Passage of Golubria      Tloc           N/A          4%          4    None
 Leda's Liquefaction      Hex/Erth       #####.....   4%          4    None
 Shroud of Golubria       Chrm/Tloc      ######....   1%          2    None
 Beastly Appendage        Tmut           #####.       1%          1    None
 Dazzling Spray           Conj/Hex       ######       1%          3    None
 Force Lance              Conj/Tloc      ######..     1%          4    None
 Searing Ray              Conj           ######       0%          2    None
 Gell's Gravitas          Tloc           #####.....   1%          3    None
 Lesser Beckoning         Tloc           #####.....   1%          3    None


Dungeon Overview and Level Annotations

Branches:
Dungeon (15/15)            Temple (1/1) D:7            Lair (6/6) D:9
 Shoals (0/4) Lair:2       Spider (1/4) Lair:2        Slime (0/5) Lair:6
    Orc (2/2) D:10            Elf (1/3) Orc:2        Vaults (0/5) D:14
 Depths (0/5) D:15

Altars:
Ashenzari
Cheibriados
Dithmenos
Elyvilon
Fedhas
Gozag
Hepliaklqana
Kikubaaqudgha
Makhleb
Nemelex Xobeh
Okawaru
Qazlal
Ru
Sif Muna
Uskayaw
Vehumet
Wu Jian
Xom
Zin
Beogh

Shops:
D:10 }   D:11 [   D:14 =   D:15 *   Orc:2 *}(:([%%

Annotations:
Lair:1 exclusion: downstairs
Lair:5 exclusion: downstairs


Innate Abilities, Weirdness & Mutations

Armour fits poorly on your strangely shaped body.


Message History

* * * LOW HITPOINT WARNING * * *
You are even more entangled.
The jumping spider bites you.
* * * LOW HITPOINT WARNING * * *
You feel much better. The redback closely misses you.
The jumping spider pounces on you!
* * * LOW HITPOINT WARNING * * *
You are even more entangled.
The jumping spider bites you.
* * * LOW HITPOINT WARNING * * *
The redback misses you.
You feel much better. The redback bites you! x2
* * * LOW HITPOINT WARNING * * *
You are lethally poisoned!
The redback poisons you! The jumping spider pounces on you!
* * * LOW HITPOINT WARNING * * *
You are even more entangled.
The jumping spider bites you.
* * * LOW HITPOINT WARNING * * *
The redback bites you.
* * * LOW HITPOINT WARNING * * *
The jumping spider pounces on you!
You die...

.............##
^......$....#. #≈≈#
..§..%.......# .≈≈##
...ss........####...≈##
.....§*s..#...^.#^...≈#
....s..§.#..........≈##
....†§§.§.........*.≈≈
...§..§s.s.....s..≈#
....#..§.s.s.s.s@.†#
.............#.ss.##
....)..s......?.###
.>^....†<......#
.......†.†.#.###
.......##....# ......#
##.....# ...... #.....#
.... ...≈..


You could see 2 jumping spiders, a tarantella, 5 redbacks and a friendly
battlesphere.

Vanquished Creatures
  Kirke (D:12)
  Louise (D:15)
  An entropy weaver (Spider:1)
  Nessos (D:12)
  A stone giant (Orc:2)
  4 dire elephants (Lair:6)
  Azrael (D:15)
  4 ettins
  Josephine (D:14)
  A vault guard (D:14)
  Fannar (Lair:2)
  2 centaur warriors
  3 hydras
  Erica (D:8)
  An anaconda (Lair:6)
  6 two-headed ogres
  Nergalle (D:12)
  An orc high priest (Orc:1)
  Urug (D:12)
  4 skeletal warriors (D:15)
  An iron troll (D:14)
  2 unseen horrors
  3 wizards
  A wolf spider zombie (D:15)
  2 necromancers (D:15)
  2 oklob plants
  2 wolf spiders (Lair:2)
  An orc sorcerer (D:15)
  5 ugly things
  11 cyclopes
  Maurice (D:8)
  34 elephants
  Joseph (D:7)
  2 gargoyles (D:15)
  A guardian serpent (D:12)
  11 spiny frogs
  A torpor snail (Lair:5)
  5 black mambas
  A rime drake (Lair:6)
  14 komodo dragons
  A freezing wraith (D:14)
  2 tengu conjurers (D:14)
  2 demonic crawlers
  A redback zombie (D:15)
  3 polar bears
  5 jumping spiders
  2 hornets
  8 trolls
  13 slime creatures
  A harpy skeleton (D:15)
  12 dream sheep
  13 hippogriffs
  4 blink frogs (Lair:6)
  2 centaur simulacra
  2 shadows
  11 redbacks
  43 yaks
  2 vampires
  2 fire elementals
  6 wraiths
  4 tarantellas
  A wyvern (D:14)
  2 basilisks
  2 hungry ghosts
  3 steam dragons
  5 hogs
  2 soldier ants
  2 wargs (Orc:1)
  16 water moccasins
  An acid dragon (D:14)
  Duvessa (D:7)
  6 porcupines
  3 hell hounds (D:15)
  4 sky beasts
  21 orc warriors
  3 ice beasts
  A phantom (D:5)
  4 necrophages
  13 ogres
  A hornet zombie (D:15)
  A black bear (D:13)
  An eye of draining (D:14)
  A wolf (D:8)
  8 crocodiles
  7 centaurs
  4 big kobolds
  A wyvern zombie (D:11)
  18 bullfrogs
  5 gnoll sergeants (D:10)
  Dowan (D:7)
  A hornet simulacrum (D:8)
  7 scorpions
  21 killer bees
  3 howler monkeys
  10 wights
  2 electric eels
  5 centaur zombies
  8 crimson imps
  A quasit (D:13)
  A bullfrog zombie (D:11)
  11 centaur skeletons
  16 orc priests
  2 bullfrog skeletons
  9 hounds
  6 jellies
  18 orc wizards
  9 iguanas
  11 worker ants
  2 hound skeletons
  2 worker ant zombies
  9 gnolls
  10 adders
  A hound simulacrum (D:8)
  5 shadow imps
  5 white imps (D:8)
  7 oozes
  An adder zombie (D:6)
  An adder skeleton (D:5)
  5 worms
  3 leopard geckos
  89 orcs
  7 giant cockroaches
  3 goblins
  6 hobgoblins
  7 jackals
  4 quokkas
  2 ball pythons
  6 bats
  4 frilled lizards
  13 kobolds
  A leopard gecko skeleton (D:4)
  A quokka simulacrum (D:8)
  A quokka zombie (D:7)
  9 rats
  4 fungi
  2 plants
766 creatures vanquished.

Vanquished Creatures (others)
  A centaur warrior (D:15)
  A wolf spider zombie (D:15)
  A wolf spider (Spider:1)
  2 cyclopes (Orc:2)
  A demonic crawler (Spider:1)
  A human (D:13)
  A bush (Lair:4)
  9 fulminant prisms
  27 fungi
  22 plants
  3 withered plants (D:9)
69 creatures vanquished.

Grand Total: 835 creatures vanquished

Notes
Turn   | Place    | Note
-------+----------+-------------------------------------------
     0 | D:1      | Hebeh the Deep Elf Fire Elementalist began the quest for the Orb.
     0 | D:1      | Reached XP level 1. HP: 10/10 MP: 6/6
   511 | D:1      | Reached XP level 2. HP: 15/15 MP: 6/8
  1150 | D:2      | Reached XP level 3. HP: 11/19 MP: 3/9
  1299 | D:2      | Learned a level 2 spell: Throw Flame
  1303 | D:2      | Learned a level 3 spell: Conjure Flame
  1488 | D:2      | Reached XP level 4. HP: 19/24 MP: 3/11
  1723 | D:2      | Found a blossoming altar of Fedhas.
  1881 | D:2      | Reached skill level 4 in Spellcasting
  1966 | D:2      | Reached XP level 5. HP: 28/28 MP: 0/13
  2164 | D:2      | Learned a level 3 spell: Inner Flame
  2640 | D:3      | Found a faded altar of an unknown god.
  3037 | D:3      | Reached XP level 6. HP: 32/32 MP: 2/14
  3252 | D:3      | Found a shattered altar of Ashenzari.
  3802 | D:4      | Found an opulent altar of Gozag.
  3883 | D:4      | Got a smoking robe
  3923 | D:4      | Identified the +0 robe of an ice cave {rElec rC+ rN+ MP+9} (You found it on level 4 of the Dungeon)
  4338 | D:4      | Found an ornate altar of the Wu Jian Council.
  4338 | D:4      | Found an iron altar of Okawaru.
  4418 | D:4      | Reached skill level 5 in Spellcasting
  4418 | D:4      | Reached skill level 5 in Conjurations
  4780 | D:5      | Entered Level 5 of the Dungeon
  4800 | D:5      | Reached XP level 7. HP: 36/36 MP: 16/16
  4939 | D:5      | Reached skill level 5 in Fire Magic
  4985 | D:5      | Found a white marble altar of Elyvilon.
  5346 | D:5      | Reached skill level 1 in Hexes
  5380 | D:5      | Noticed a hippogriff
  5388 | D:5      | Killed a hippogriff
  5388 | D:5      | Reached skill level 5 in Dodging
  5388 | D:5      | Reached skill level 6 in Spellcasting
  5478 | D:5      | Reached XP level 8. HP: 33/41 MP: 19/19
  5562 | D:5      | Found a snail-covered altar of Cheibriados.
  5874 | D:5      | Reached skill level 7 in Spellcasting
  7088 | D:6      | Reached skill level 8 in Spellcasting
  7088 | D:6      | Reached XP level 9. HP: 21/45 MP: 16/23
  7933 | D:6      | Learned a level 5 spell: Fireball
  7935 | D:6      | Learned a level 1 spell: Shock
  7938 | D:6      | Learned a level 2 spell: Swiftness
  8079 | D:7      | Noticed Dowan
  8080 | D:7      | Noticed Duvessa
  8084 | D:7      | Killed Duvessa
  8085 | D:7      | Killed Dowan
  8208 | D:7      | Found a staircase to the Ecumenical Temple.
  8214 | D:7      | Noticed Joseph
  8237 | D:7      | Killed Joseph
  8418 | Temple   | Entered the Ecumenical Temple
  8430 | Temple   | Became a worshipper of Vehumet
  8539 | D:7      | Reached skill level 9 in Spellcasting
  8628 | D:7      | Learned a level 4 spell: Fulminant Prism
  9494 | D:8      | Noticed a polar bear
  9519 | D:8      | Killed a polar bear
  9519 | D:8      | Reached * piety under Vehumet
  9519 | D:8      | Offered knowledge of Sting by Vehumet.
  9519 | D:8      | Reached XP level 10. HP: 48/50 MP: 0/25
  9691 | D:8      | Learned a level 4 spell: Iskenderun's Mystic Blast
  9877 | D:8      | Noticed Erica
  9887 | D:8      | Killed Erica
  9887 | D:8      | Reached skill level 10 in Spellcasting
 10177 | D:8      | Noticed Maurice
 10781 | D:8      | Noticed a two-headed ogre
 10792 | D:8      | Killed a two-headed ogre
 11247 | D:8      | Killed Maurice
 11247 | D:8      | Reached skill level 11 in Spellcasting
 11667 | D:9      | Found a staircase to the Lair.
 11669 | D:9      | Offered knowledge of Freeze by Vehumet.
 11674 | D:9      | Reached ** piety under Vehumet
 11773 | Lair:1   | Entered Level 1 of the Lair of Beasts
 11775 | Lair:1   | Reached skill level 10 in Conjurations
 11830 | D:9      | Found a shimmering altar of Xom.
 11830 | D:9      | Found a shimmering altar of Xom.
 11831 | D:9      | Found a shimmering altar of Xom.
 11854 | D:9      | Found an ancient bone altar of Kikubaaqudgha.
 12183 | D:9      | Found a stormy altar of Qazlal.
 12260 | D:9      | Reached skill level 1 in Fighting
 12260 | D:9      | Reached XP level 11. HP: 56/56 MP: 9/28
 12437 | D:9      | Found a shadowy altar of Dithmenos.
 12575 | D:9      | Noticed a two-headed ogre
 12579 | D:9      | Killed a two-headed ogre
 12579 | D:9      | Reached skill level 10 in Fire Magic
 13065 | D:9      | Noticed a two-headed ogre
 13194 | D:10     | Entered Level 10 of the Dungeon
 13299 | D:10     | Reached skill level 5 in Hexes
 13301 | D:10     | Offered knowledge of Ignite Poison by Vehumet.
 13316 | D:10     | Noticed a two-headed ogre
 13480 | D:10     | Killed a two-headed ogre
 13782 | D:10     | Identified a scroll of acquirement
 13782 | D:10     | Identified Hebeh's Incunabulum of Arcane Weapons (You acquired it on level 10 of the Dungeon)
 13792 | D:10     | Learned a level 5 spell: Iskenderun's Battlesphere
 13883 | D:10     | Found Mihixt's Gadget Shoppe.
 14011 | D:10     | Reached skill level 1 in Charms
 14019 | D:10     | Reached *** piety under Vehumet
 14024 | D:10     | Reached skill level 12 in Spellcasting
 14342 | D:10     | Found a staircase to the Orcish Mines.
 14354 | D:10     | Offered knowledge of Mephitic Cloud by Vehumet.
 15093 | D:10     | Upgraded the game from 0.22-a0-618-gd6a3efe to 0.22-a0-619-ga0c6fd2
 15110 | D:10     | Killed an unseen horror
 16011 | Lair:1   | Reached **** piety under Vehumet
 16199 | Lair:1   | Offered knowledge of Irradiate by Vehumet.
 16199 | Lair:1   | Reached skill level 5 in Charms
 16740 | Lair:1   | Learned a level 2 spell: Blink
 17191 | Lair:2   | Found a staircase to the Shoals.
 17195 | Lair:2   | Reached XP level 12. HP: 64/64 MP: 23/30
 17264 | Lair:2   | Reached skill level 1 in Translocations
 17490 | Lair:2   | Got a slimy quarterstaff
 17491 | Lair:2   | Identified the +3 quarterstaff "Wakog" {venom, *Drain +Rage rN+ Str+4} (You found it on level 2 of the Lair of Beasts)
 17539 | Lair:2   | Noticed Fannar
 18274 | Lair:2   | Found a hole to the Spider Nest.
 18335 | Lair:2   | Killed Fannar
 18959 | Lair:3   | Reached skill level 13 in Spellcasting
 19476 | Lair:3   | Learned a level 5 spell: Irradiate
 20504 | Lair:4   | Reached skill level 1 in Transmutations
 20985 | Lair:4   | Reached skill level 1 in Shields
 21266 | Lair:4   | Reached XP level 13. HP: 53/70 MP: 31/32
 22643 | Lair:5   | Reached skill level 10 in Dodging
 22643 | Lair:5   | Reached skill level 14 in Spellcasting
 22646 | Lair:5   | Reached ***** piety under Vehumet
 22646 | Lair:5   | Offered knowledge of Bolt of Magma by Vehumet.
 22951 | Lair:5   | Found an ornate altar of the Wu Jian Council.
 24422 | Lair:6   | Entered Level 6 of the Lair of Beasts
 24422 | Lair:6   | Found a staircase to the Slime Pits.
 24954 | Lair:6   | Reached skill level 1 in Evocations
 25660 | Lair:6   | Reached XP level 14. HP: 76/76 MP: 34/34
 26413 | Lair:6   | Offered knowledge of Bolt of Draining by Vehumet.
 27254 | Lair:6   | Reached skill level 5 in Fighting
 27254 | Lair:6   | Reached skill level 15 in Spellcasting
 27403 | Lair:6   | Got a serpentine brass ring
 27628 | Lair:6   | Identified the ring of Kikubaaqudgha's Favour {*Corrode rF+ Str+4 Dex+3 SInv} (You found it on level 6 of the Lair of Beasts)
 27892 | Orc:1    | Entered Level 1 of the Orcish Mines
 29491 | Orc:2    | Entered Level 2 of the Orcish Mines
 29504 | Orc:2    | Found Qeofyam's Antique Armour Boutique.
 29723 | Orc:2    | Found a staircase to the Elven Halls.
 29730 | Orc:2    | Found Qoicu's Weapon Shop.
 30026 | Orc:2    | Found Tinydur's Book Shop.
 30089 | Orc:2    | Found Ekelych's Gadget Shoppe.
 30324 | Orc:2    | Found Cituaz's General Store.
 30402 | Orc:2    | Found Vonep's Antique Weapon Shoppe.
 30508 | Orc:2    | Found Feamp's Food Emporium.
 30513 | Orc:2    | Noticed a stone giant
 30530 | Orc:2    | Killed a stone giant
 30788 | Orc:2    | Found Maloynist's Food Emporium.
 31241 | Elf:1    | Entered Level 1 of the Elven Halls
 31425 | Orc:2    | Bought a glowing buckler for 195 gold pieces
 31425 | Orc:2    | Bought an encrusted helmet for 247 gold pieces
 31445 | Orc:2    | Identified the +3 helmet "Paunuir" {rN+} (You bought it in a shop on level 2 of the Orcish Mines)
 31899 | D:11     | Found Juina's Armour Shoppe.
 32496 | D:12     | Noticed Nergalle
 32505 | D:12     | Killed Nergalle
 33071 | D:12     | Found a flagged portal.
 33096 | D:12     | Noticed Nessos
 33104 | D:12     | HP: 2/78 [Nessos/arrow (2)]
 33106 | D:12     | Killed Nessos
 33520 | D:12     | Noticed Urug
 33525 | D:12     | Killed Urug
 34193 | D:12     | Offered knowledge of Freezing Cloud by Vehumet.
 34352 | D:12     | Found a roughly hewn altar of Beogh.
 34425 | D:12     | Reached XP level 15. HP: 84/84 MP: 24/36
 34635 | D:12     | Got a glittering steel ring
 34811 | D:12     | Learned a level 3 spell: Confuse
 35022 | D:13     | Noticed Kirke
 35241 | D:12     | Killed Kirke
 35847 | D:13     | Reached skill level 16 in Spellcasting
 36271 | D:13     | Identified the ring "Olisicsa" {+Fly rPois rN++ MR- MP+9} (You found it on level 12 of the Dungeon)
 36448 | D:14     | Noticed Josephine
 36449 | D:14     | Killed Josephine
 36462 | D:14     | Offered knowledge of Bolt of Fire by Vehumet.
 36882 | D:14     | Learned a level 6 spell: Bolt of Fire
 37074 | D:14     | Found a gate to the Vaults.
 37172 | D:14     | Reached skill level 10 in Charms
 37749 | D:14     | Found a shadowy altar of Dithmenos.
 37938 | D:14     | Found Avugiew's Jewellery Emporium.
 38137 | D:15     | Entered Level 15 of the Dungeon
 38790 | D:15     | Noticed Azrael
 38796 | D:15     | Killed Azrael
 39035 | D:15     | Found Icucven's Assorted Antiques.
 39164 | D:15     | Noticed Louise
 39177 | D:15     | Killed Louise
 40577 | D:15     | Found a staircase to the Depths.
 40640 | D:15     | Offered knowledge of Iron Shot by Vehumet.
 41022 | Spider:1 | Entered Level 1 of the Spider Nest
 41022 | Spider:1 | Found the +5 demon whip "Spellbinder" {antimagic, MR+}
 41485 | Spider:1 | Gained mutation: Armour fits poorly on your strangely shaped body. [mutagenic glow]
 41487 | Spider:1 | HP: 4/84 [jumping spider (3)]
 41489 | Spider:1 | Mangled by a jumping spider

Vault maps used:
D:1:      minmay_arrival_radiant_lines, st_stairs_5, minmay_heptomino_l4
D:2:      cheibrodos_pilgrimage, first_ration, fedhas_altar_1
D:3:      marbit_many_paths, serial_glass, glass_columns_c, glass_columns_b,
          chequers_ecumenical_altar_simple
D:4:      gammafunk_temple_overflow_wave, grunt_gozag_statues
D:5:      kennysheep_steamy, lemuel_doored_altar, elyvilon_altar_4
D:6:      grunt_ministairs_3
D:7:      temple_pool_b, kennysheep_generic_room_8, uniq_duvessa, uniq_joseph
D:8:      serial_ice, serial_ice_g, serial_ice_l, serial_ice_f, serial_ice_c,
          serial_ice_m, hangedman_little_slice_of_home, uniq_erica, uniq_maurice
D:9:      xom_redecorated, lemuel_round_altar, kiku_gazebo_garden_becter,
          nicolae_qazlal_style_of_elements, lair_entry_dummy
D:10:     kennysheep_orc_monster_closet_entryway, serial_shops, shop
D:11:     serial_shops, nicolae_shop_statue_plus
D:12:     enter_bailey_8, minmay_curled_crystal, fake_guardian_serpent_vault,
          uniq_nessos, uniq_urug, uniq_nergalle
D:13:     uniq_kirke
D:14:     david_vaults_4, serial_shops,
          nicolae_shop_temple_entry_statues_fountains,
          nicolae_dithmenos_shadow_blocks, uniq_josephine
D:15:     grunt_enter_depths_magical_seal, serial_shops, shop,
          palyth_stone_intersect, uniq_louise, uniq_azrael
Temple:   cyrus_circular_temple
Lair:1:   beast_lair_carwin_large_3
Lair:2:   shoals_dummy_entry, nicolae_spider_entry_non_spiders, uniq_fannar
Lair:4:   lemuel_fruit_fields, grunt_megastairs_5
Lair:5:   lemuel_oklob_altar
Lair:6:   due_jungle_book, minmay_slime_entry_pillars
Orc:2:    grunt_orc_gardens, grunt_orc_garden, grunt_orc_garden,
          grunt_orc_garden, grunt_orc_garden, serial_shops, nicolae_shop_stone,
          shop, nicolae_shop_temple_entry_statues_fountains, shop,
          lab_entry_generic
Elf:1:    elf_arrival_001, serial_shops, nicolae_shop_waterfront, serial_glass,
          glass_columns_a, glass_columns_a, minmay_elf_crystal_hexagon,
          hangedman_research_metamorphosis

Skill      XL: |  1  2  3  4  5  6  7  8  9 10 11 12 13 14 15 |
---------------+----------------------------------------------+-----
Conjurations   | 2 3 4 5 6 7 8 10 11 12 13 14 | 14.7
Dodging        | 3 4 5 7 8 9 10 11 | 11.9
Spellcasting   | 4 5 6 8 9 11 12 13 14 15 16 | 16.8
Fire Magic     | 4 5 6 8 9 11 12 13 14 | 14.6
Hexes          | 2 3 4 5 7 |  7.0
Fighting       | 1 2 3 4 5 6 |  6.5
Charms         | 5 6 9 10 | 10.7
Translocations | 4 |  4.0
Transmutations | 2 4 |  4.0
Shields        | 1 3 4 |  4.0
Evocations     | 1 2 |  2.6
Stealth        | |  2.4

Action                   |  1- 3 |  4- 6 |  7- 9 | 10-12 | 13-15 || total
-------------------------+-------+-------+-------+-------+-------++-------
Melee: Spear             |     5 |     5 |    53 |     1 |       ||    64
       Flail             |       |       |       |     1 |       ||     1
       Fustibalus        |       |       |       |     3 |       ||     3
       Trident           |       |       |       |    10 |    52 ||    62
       Eveningstar       |       |       |       |       |     1 ||     1
Throw: Stone             |    19 |     2 |       |       |       ||    21
 Cast: Flame Tongue      |    54 |    88 |   235 |   178 |   301 ||   856
       Conjure Flame     |       |     3 |     4 |     6 |     1 ||    14
       Throw Flame       |       |    31 |    61 |       |       ||    92
       Inner Flame       |       |       |     2 |     1 |     1 ||     4
       Fireball          |       |       |    12 |    14 |    83 ||   109
       Fulminant Prism   |       |       |     4 |     5 |       ||     9
       Iskenderun's Myst |       |       |       |   229 |   415 ||   644
       Iskenderun's Batt |       |       |       |    43 |   210 ||   253
       Shock             |       |       |       |     3 |       ||     3
       Blink             |       |       |       |     6 |     6 ||    12
       Swiftness         |       |       |       |     2 |     3 ||     5
       Irradiate         |       |       |       |     2 |    23 ||    25
       Bolt of Fire      |       |       |       |       |    13 ||    13
       Confuse           |       |       |       |       |     5 ||     5
Evoke: Wand              |       |       |       |       |    11 ||    11
  Use: Scroll            |     4 |     2 |     7 |    14 |    17 ||    44
       Potion            |       |       |       |     1 |     8 ||     9
  Eat: Chunk             |     1 |    11 |    10 |    15 |    22 ||    59
       Ration            |       |       |     2 |     8 |    12 ||    22
Armor: Robe              |     3 |    13 |    34 |    19 |    38 ||   107
Dodge: Dodged            |    12 |    14 |    97 |    83 |   203 ||   409
Block: Other             |       |       |       |    11 |     9 ||    20
       Buckler           |       |       |       |       |    73 ||    73
       Reflection        |       |       |       |       |    10 ||    10

Table legend:
 A = Spawn XP
 B = Non-spawn XP
 C = Spawn XP percentage of total XP
 D = Spawn monster count
 E = Non-spawn monster count
 F = Spawn count percentage of total count
 G = Total turns spent on level
                    A         B        C        D         E        F      G
               +---------+---------+-------+---------+---------+-------+---------
         Total |       0 |  153112 |   0.0 |       0 |     765 |   0.0 | 41489
               +---------+---------+-------+---------+---------+-------+---------
           D:1 |       0 |      27 |   0.0 |       0 |      18 |   0.0 |  1131
           D:2 |       0 |     219 |   0.0 |       0 |      30 |   0.0 |  1501
           D:3 |       0 |     202 |   0.0 |       0 |      19 |   0.0 |  1063
           D:4 |       0 |     289 |   0.0 |       0 |      20 |   0.0 |  1168
           D:5 |       0 |    1541 |   0.0 |       0 |      26 |   0.0 |  1530
           D:6 |       0 |     834 |   0.0 |       0 |      37 |   0.0 |  1594
           D:7 |       0 |    1047 |   0.0 |       0 |      10 |   0.0 |   814
           D:8 |       0 |    5173 |   0.0 |       0 |      57 |   0.0 |  2803
           D:9 |       0 |    3623 |   0.0 |       0 |      28 |   0.0 |  1729
          D:10 |       0 |    6268 |   0.0 |       0 |      50 |   0.0 |  2487
          D:11 |       0 |    3605 |   0.0 |       0 |      28 |   0.0 |  1286
          D:12 |       0 |   11908 |   0.0 |       0 |      63 |   0.0 |  2536
          D:13 |       0 |    6210 |   0.0 |       0 |      35 |   0.0 |  1194
          D:14 |       0 |   14836 |   0.0 |       0 |      41 |   0.0 |  2049
          D:15 |       0 |   18371 |   0.0 |       0 |      44 |   0.0 |  2294
        Lair:1 |       0 |    2877 |   0.0 |       0 |      15 |   0.0 |  2054
        Lair:2 |       0 |    6973 |   0.0 |       0 |      30 |   0.0 |  2123
        Lair:3 |       0 |    4396 |   0.0 |       0 |      12 |   0.0 |  1297
        Lair:4 |       0 |   10643 |   0.0 |       0 |      34 |   0.0 |  2639
        Lair:5 |       0 |   11919 |   0.0 |       0 |      37 |   0.0 |  1951
        Lair:6 |       0 |   22557 |   0.0 |       0 |      56 |   0.0 |  2727
      Spider:1 |       0 |    6389 |   0.0 |       0 |      22 |   0.0 |    31
         Orc:1 |       0 |    3757 |   0.0 |       0 |      28 |   0.0 |  1618
         Orc:2 |       0 |    9448 |   0.0 |       0 |      25 |   0.0 |  1842
               +---------+---------+-------+---------+---------+-------+---------
